 Dungeon Crawl Stone Soup version 0.30-a0-652-gcc886f7154 (webtiles) character file.

Game seed: 17419344415861911721

6 Khashishi the Trooper (level 1, -7/18 HPs)
             Began as a Demonspawn Chaos Knight on Jan 17, 2023.
             Was a Plaything of Xom.
             Mangled by a mana viper (glowing shapeshifter) (14 damage)
             ... on level 1 of the Dungeon.
             The game lasted 00:02:17 (240 turns).

Khashishi the Trooper (Demonspawn Chaos Knight)      Turns: 240, Time: 00:02:18

Health: -7/18      AC:  5    Str: 12    XL:     1   Next: 75%
Magic:  0/1        EV: 11    Int: 19    God:    Xom [......]
Gold:   9          SH:  0    Dex: 12    Spells: 0/0 levels left

rFire   . . .      SeeInvis .    a - +0 falchion (chaos)
rCold   . . .      Faith    .    (no shield)
rNeg    . . .      Spirit   .    b - +2 leather armour
rPois   .          Reflect  .    (no helmet)
rElec   .          Harm     .    (no cloak)
rCorr   .          Rampage  .    (no gloves)
Will    .....                    (no boots)
Stlth   +                        (no amulet)
HPRegen 0.23/turn                d - +6 ring of intelligence
MPRegen 0.07/turn                (no ring)

@: no status effects
A: no striking features
a: Renounce Religion


You were on level 1 of the Dungeon.
You worshipped Xom.
You were a very special plaything of Xom.
You visited 1 branch of the dungeon, and saw 1 of its levels.

You collected 9 gold pieces.

Inventory:

Hand Weapons
 a - a +0 falchion of chaos (weapon)
Missiles
 h - 4 boomerangs
Armour
 b - a +2 leather armour (worn)
Jewellery
 d - a +6 ring of intelligence (left hand)
Scrolls
 e - 2 scrolls of identify {unknown}
 g - a scroll of torment {unknown}
Miscellaneous
 c - a piece from Xom's chessboard (14/15) (quivered)


   Skills:
 + Level 3.1 Fighting
 + Level 2.8 Long Blades
 + Level 1.9 Armour
 + Level 1.1 Dodging


You couldn't memorise any spells.
You didn't know any spells.
Your spell library was empty.

Dungeon Overview and Level Annotations

Branches:
Dungeon (1/15)

Altars:


Message History

Xom's power touches on a nearby monster.
The bat changes into a glowing shapeshifter!
The glowing shapeshifter changes into a shining eye!
Press: ? - help, v - describe, . - travel
Here: a shining eye shaped shifter The floor.
You aren't carrying any potions.
Unknown command.
Unknown command.
Unknown command.
Press: ? - help, v - describe, . - travel
Here: a shining eye shaped shifter The floor.
Unknown command.
You hit the shining eye. You burn the shining eye.
The shining eye is lightly wounded.
You hit the shining eye but do no damage.
The shining eye is poisoned.
The shining eye is lightly wounded.
The shining eye changes into a water nymph!
You hit the water nymph.
The water nymph is lightly wounded.
The water nymph changes into an elephant!
The elephant changes into a mana viper!
You hit the mana viper.
The mana viper suddenly seems more agile.
Xom is highly amused!
The mana viper is lightly wounded.
The mana viper bites you!
Ouch! That really hurt!
You feel your power leaking away.
You closely miss the mana viper.
The mana viper is lightly wounded.
The mana viper misses you. The mana viper barely misses you.
You miss the mana viper.
The mana viper is lightly wounded.
The mana viper bites you!
Ouch! That really hurt!
You die...
Xom laughs nastily!

#..........#
####.#####.#
#.# #.# #.#
#.#
###.#####.#
.........#
##..####.#
g#####.####.#
......).S@..#
...###.######
#. #. ##


You could see a mana viper shaped shifter (agile).

Vanquished Creatures
  2 ball pythons (D:1)
  3 kobolds (D:1)
  A quokka (D:1)
6 creatures vanquished.

Notes
Turn   | Place    | Note
-------+----------+-------------------------------------------
     0 | D:1      | Khashishi the Demonspawn Chaos Knight began the quest for
                  | the Orb.
     0 | D:1      | Reached XP level 1. HP: 18/18 MP: 1/1
    67 | D:1      | Reached skill level 1 in Dodging
   136 | D:1      | XOM: potion effect (heal wounds)
   234 | D:1      | a bat changed into a glowing shapeshifter
   234 | D:1      | Noticed a glowing shapeshifter (glowing shapeshifter)
   234 | D:1      | XOM: polymorph bat -> glowing shapeshifter
   234 | D:1      | a glowing shapeshifter changed into a shining eye
   234 | D:1      | Noticed a shining eye (glowing shapeshifter)
   236 | D:1      | a shining eye changed into a water nymph
   236 | D:1      | Noticed a water nymph (glowing shapeshifter)
   237 | D:1      | a water nymph changed into an elephant
   237 | D:1      | Noticed an elephant (glowing shapeshifter)
   237 | D:1      | an elephant changed into a mana viper
   237 | D:1      | Noticed a mana viper (glowing shapeshifter)
   240 | D:1      | Mangled by a mana viper (glowing shapeshifter)

Illustrated notes

Levels and vault maps discovered:
D:1:      dpeg_arrival_round_b, layout_loops_ring

Skill      XL: |  1 |
---------------+----+-----
Dodging        | 1 |  1.1
Fighting       | |  3.1
Long Blades    | |  2.8
Armour         | |  1.9

Action                   || total
-------------------------++-------
Melee: Falchion          ||    24
Throw: Boomerang         ||     4
Evoke: Piece from Xom's  ||     2
Armor: Leather armour    ||     8
Dodge: Dodged            ||     9

Table legend: (Time is in decaauts)
 A = Elapsed time spent in this place.
 B = Non-inter-level travel time spent in this place.
 C = Inter-level travel time spent in this place.
 D = Time resting spent in this place.
 E = Time spent auto-exploring this place.
 F = Levels seen in this place.
 G = Mean time per level.
                   A        B        C        D        E       F      G
               +--------+--------+--------+--------+--------+-----+--------+
         Total |    244 |    244 |      0 |      0 |    180 |   1 |  244.0 |
       Dungeon |    244 |    244 |      0 |      0 |    180 |   1 |  244.0 |
               +--------+--------+--------+--------+--------+-----+--------+

Top non-repeatable levels by time:
     D:1: 244 daAuts
